 Dungeon Crawl Stone Soup version 0.23-a0-458-g93a6ea9 (webtiles) character file.

6803 Jawreze the Quickloader (level 10, -22/88 HPs)
             Began as a Centaur Hunter on Nov 25, 2018.
             Was a High Priest of Okawaru.
             Killed from afar by Erica (27 damage)
             ... with an orb of energy
             ... on level 9 of the Dungeon.
             The game lasted 00:38:10 (15420 turns).

Jawreze the Quickloader (Centaur Hunter)           Turns: 15420, Time: 00:38:11

Health: -22/88     AC:  7    Str: 15    XL:     10   Next: 76%
Magic:  15/15      EV: 10    Int: 13    God:    Okawaru [*****.]
Gold:   407        SH:  0    Dex: 10    Spells: 9/9 levels left

rFire    . . .     SeeInvis .   w - +1 spear (flame)
rCold    . . .     Gourm    .   (no shield)
rNeg     . . .     Faith    .   v - +3 leather armour {MR+}
rPois    .         Spirit   .   (no helmet)
rElec    .         Reflect  .   (no cloak)
rCorr    .         Harm     .   (no gloves)
MR       +....                  (no barding)
Stlth    ++........             (no amulet)
HPRegen  0.24/turn              q - ring of stealth
MPRegen  0.14/turn              (no ring)

@: lethally poisoned (-22 -> -26), about to teleport, very slightly
contaminated, very quick
A: large, hooves 3, deformed body, speed 2, tough skin 3
a: Heroism, Finesse, Renounce Religion


You were on level 9 of the Dungeon.
You worshipped Okawaru.
Okawaru was extremely pleased with you.
You were hungry.

You visited 2 branches of the dungeon, and saw 11 of its levels.

You collected 407 gold pieces.

Inventory:

Hand Weapons
 a - a +2 hand crossbow
 w - a +1 spear of flaming (weapon)
 E - a +1 dagger of venom
 N - a +0 halberd
Missiles
 d - 81 bolts
 P - a throwing net (quivered)
Armour
 v - a +3 leather armour of magic resistance (worn)
 y - a cursed -1 ring mail
Jewellery
 b - an uncursed ring of fire
 j - an uncursed ring of positive energy {unknown}
 k - an uncursed amulet of the gourmand {unknown}
 q - a ring of stealth (left hand)
 C - an uncursed ring of positive energy {unknown}
 H - an uncursed ring of ice {unknown}
 Q - a cursed ring of teleportation {unknown}
Wands
 t - a wand of polymorph (5)
 z - a wand of disintegration (17)
 D - a wand of digging (12)
 L - a wand of random effects (12)
 M - a wand of paralysis (6)
 R - a wand of enslavement (7)
Scrolls
 e - a scroll of blinking
 i - 4 scrolls of enchant weapon
 l - 4 scrolls of remove curse
 o - 12 scrolls of identify
 I - 2 scrolls of fear
 K - a scroll of amnesia {unknown}
 O - a scroll of fog {unknown}
Potions
 c - a potion of degeneration {unknown}
 g - a potion of might
 h - a potion of haste {unknown}
 m - 2 potions of resistance {unknown}
 n - 3 potions of agility {unknown}
 p - 3 potions of invisibility {unknown}
 r - 2 potions of heal wounds {unknown}
 u - a potion of magic {unknown}
 x - a potion of berserk rage {unknown}
 A - 2 potions of cancellation {unknown}
 B - a potion of lignification {unknown}
 F - a potion of flight {unknown}
 G - a potion of brilliance {unknown}
Comestibles
 f - 14 rations


   Skills:
 + Level 8.2 Fighting
 * Level 5.9 Polearms
 - Level 11.0 Crossbows
 - Level 3.1 Armour
 - Level 3.0 Dodging
 - Level 0.4 Stealth
 + Level 7.4 Invocations


You had 9 spell levels left.
You didn't know any spells.
Your spell library contained the following spells:

 Spells                   Type           Power        Failure   Level  Hunger
 Animate Skeleton         Necr           N/A          36%         1    ##.....
 Apportation              Tloc           #.....       36%         1    ##.....
 Confusing Touch          Hex            #.....       36%         1    ##.....
 Summon Butterflies       Summ           #.......     36%         1    ##.....
 Summon Small Mammal      Summ           #...         36%         1    ##.....
 Call Canine Familiar     Summ           #.......     75%         3    ####...
 Summon Ice Beast         Ice/Summ       #.......     98%         4    #####..
 Summon Mana Viper        Hex/Summ       #.......     100%        5    ######.
 Summon Hydra             Summ           #.........   100%        7    #######


Dungeon Overview and Level Annotations

Branches:
Dungeon (10/15)            Temple (1/1) D:4
   Lair: D:8-11         Orc: D:9-12

Altars:
Ashenzari
Cheibriados
Dithmenos
Elyvilon
Fedhas
Gozag
Hepliaklqana
Kikubaaqudgha
Makhleb
Nemelex Xobeh
Okawaru
Qazlal
Ru
Sif Muna
Trog
Uskayaw
Vehumet
Wu Jian
Xom
Yredelemnul
Zin
The Shining One

Annotations:
D:3 1 runed door
D:9 exclusion: door, Erica, Erolcha


Innate Abilities, Weirdness & Mutations

You have hooves in place of feet.
Armour fits poorly on your strangely shaped body.
You cover ground very quickly.
You have extremely tough skin. (AC +3)


Message History

Press: ? - help, Dir - move target cursor You reach to attack!
You attack empty space.
You hear some strange, mumbled words.
A bolt of poison appears from out of thin air!
The bolt of poison hits you!
You are poisoned.
* * * LOW HITPOINT WARNING * * *
Blink to where?
Press: ? - help, Dir - move target cursor You are very lightly contaminated with residual magic.
As you read the scroll of blinking, it crumbles to dust.
You feel sick.
You feel sick.
As you read the scroll of teleportation, it crumbles to dust.
You feel strangely unstable.
You feel sick. Something completely misses you.
You feel sick.
You hear some strange, mumbled words.
An orb of energy appears from out of thin air!
The orb of energy hits you!
You die...

*,,,,,* #{.......,*,,,*,,,)
*,,,,,**##*####........,**,,*,,,,
***'*,,,...#....#######***,,*,,,,
*,,*,,,,#..........# *,,*,,,,
*,,*,,,,#..........# *,,*,,,,
*,,*,,,,#..........# *,(+,,,,
*,,*,,,,##..###'#### *,,*,,,,
*,,******#..*#...#######*,,*,,,,
*,,,,,,,#....#.@..#..ยง.#,,,*,,,,
*,,,,,,.'....'....#....#,,,+,,,,
*,,,,,,.#....#....#....#,,,*,,,,
*,,,,,,,#....#...({....#,,,*,,,,
*,,,***,##..*#..###..###****,,,,
***'***,*#'#*####*####**,*******
*,,,,,+,,..,,,,,,,,,,,,,,,,,,,,,
*,,,,,*,,,,,,,,,,,,,,,,,,,,,,,,,
*,,,***,*******,**,,***,,******,


There were no monsters in sight!

Vanquished Creatures
  2 two-headed ogres (D:9)
  A hippogriff (D:6)
  7 yaks (D:9)
  2 ice beasts
  A black bear (D:5)
  2 orc warriors
  4 phantoms
  8 ogres
  6 centaurs
  2 big kobolds
  5 bullfrogs
  3 gnoll sergeants
  3 scorpions
  7 crimson imps
  A centaur zombie (D:10)
  A quasit (D:6)
  An orc priest (D:4)
  7 hounds
  A bullfrog skeleton (D:5)
  A gnoll shaman (D:9)
  3 jellies
  9 orc wizards
  A centaur skeleton (D:4)
  Ijyb (D:3)
  2 iguanas
  5 worker ants
  A hound skeleton (D:5)
  A worker ant zombie (D:9)
  22 gnolls
  7 adders
  3 shadow imps
  2 oozes
  An adder skeleton (D:4)
  3 worms
  2 dart slugs (D:2)
  8 leopard geckos
  32 orcs
  7 bats
  A giant cockroach (D:2)
  9 goblins
  10 hobgoblins
  8 jackals
  15 kobolds
  7 quokkas
  A ball python zombie (D:5)
  7 frilled lizards
  A leopard gecko skeleton (D:4)
  A leopard gecko zombie (D:6)
  2 quokka skeletons
  A quokka zombie (D:5)
  2 rats
240 creatures vanquished.

Notes
Turn   | Place    | Note
-------+----------+-------------------------------------------
     0 | D:1      | Jawreze the Centaur Hunter began the quest for the Orb.
     0 | D:1      | Reached XP level 1. HP: 17/17 MP: 1/1
   307 | D:1      | Reached XP level 2. HP: 23/24 MP: 2/2
   977 | D:1      | Reached skill level 5 in Crossbows
  1232 | D:1      | Reached XP level 3. HP: 22/30 MP: 3/3
  1880 | D:2      | Reached XP level 4. HP: 37/37 MP: 4/4
  2078 | D:2      | Found a blossoming altar of Fedhas.
  2596 | D:3      | Noticed Ijyb
  2631 | D:3      | Killed Ijyb
  2631 | D:3      | Reached skill level 6 in Crossbows
  2889 | D:3      | Reached XP level 5. HP: 45/45 MP: 5/5
  3232 | D:3      | Found a runed door.
  4003 | D:4      | Got an opalescent robe
  4550 | D:4      | Reached skill level 7 in Crossbows
  4625 | D:4      | Reached XP level 6. HP: 43/52 MP: 6/6
  4769 | D:4      | Found a staircase to the Ecumenical Temple.
  4776 | Temple   | Entered the Ecumenical Temple
  4982 | Temple   | Became a worshipper of Warmaster Okawaru
  5621 | D:5      | Entered Level 5 of the Dungeon
  5626 | D:5      | Noticed an ice beast
  5726 | D:4      | Killed an ice beast
  5726 | D:4      | Reached skill level 8 in Crossbows
  5726 | D:4      | Reached XP level 7. HP: 60/60 MP: 7/7
  5778 | D:4      | Reached * piety under Okawaru
  5778 | D:4      | Reached skill level 1 in Invocations
  5915 | D:5      | Found a white marble altar of Elyvilon.
  6540 | D:5      | Reached skill level 5 in Fighting
  6683 | D:5      | Reached skill level 9 in Crossbows
  6756 | D:5      | Reached XP level 8. HP: 63/68 MP: 10/10
  6909 | D:5      | Reached ** piety under Okawaru
  7492 | D:6      | Found a snail-covered altar of Cheibriados.
  7515 | D:6      | Reached skill level 10 in Crossbows
  8631 | D:6      | Reached XP level 9. HP: 63/78 MP: 12/12
  8846 | D:6      | Reached *** piety under Okawaru
  8846 | D:6      | Reached skill level 5 in Invocations
  9122 | D:7      | Received a gift from Okawaru
  9122 | D:7      | Reached skill level 11 in Crossbows
  9490 | D:4      | Got an ichor-stained dagger
  9556 | D:4      | Identified the cursed +1 robe "Ytets" {*Corrode rPois rN+++
                  | Str-3} (You found it on level 4 of the Dungeon)
 10313 | D:7      | Found a glowing silver altar of Zin.
 10326 | D:7      | Noticed an angel
 10327 | D:7      | Found a shimmering altar of Xom.
 10552 | D:7      | Reached skill level 1 in Polearms
 11220 | D:8      | Found an opulent altar of Gozag.
 11489 | D:8      | Reached skill level 1 in Armour
 11949 | D:8      | Found a hazy altar of Hepliaklqana.
 12292 | D:8      | Found a snail-covered altar of Cheibriados.
 12292 | D:8      | Found a radiant altar of Vehumet.
 12292 | D:8      | Found a basalt altar of Yredelemnul.
 12300 | D:8      | Found a shattered altar of Ashenzari.
 12304 | D:8      | Found a stormy altar of Qazlal.
 12327 | D:8      | Found an ancient bone altar of Kikubaaqudgha.
 12871 | D:9      | Noticed a two-headed ogre
 12884 | D:9      | Killed a two-headed ogre
 12884 | D:9      | Reached **** piety under Okawaru
 12884 | D:9      | Received a gift from Okawaru
 12884 | D:9      | Reached XP level 10. HP: 78/86 MP: 14/14
 13103 | D:9      | Noticed Erolcha
 14103 | D:9      | Reached ***** piety under Okawaru
 14103 | D:9      | Reached skill level 5 in Polearms
 14677 | D:9      | Noticed a two-headed ogre
 14696 | D:9      | Killed a two-headed ogre
 14696 | D:9      | Received a gift from Okawaru
 14926 | D:10     | Entered Level 10 of the Dungeon
 15342 | D:10     | Noticed Erica
 15420 | D:9      | Killed from afar by Erica

Vault maps used:
D:1:      mainiacjoe_arrival_reflecting_pool, minmay_misc_feat_tower
D:2:      fedhas_altar_1, serial_forest, infiniplex_forest_clump_diagonal,
          infiniplex_forest_fountain, infiniplex_forest_lined_1,
          infiniplex_forest_clump_long, infiniplex_forest_straight_4,
          infiniplex_forest_clump_C, infiniplex_forest_lined_room_
D:3:      uniq_ijyb, uniq_crazy_yiuf_cottage
D:4:      minmay_temple_entry_hall, nrook_campfire
D:5:      minmay_chambers_of_fours, lemuel_doored_altar, first_ration
D:6:      minmay_cornered_nines, basic_altar
D:7:      grunt_temple_overflow_order_and_chaos_1
D:8:      lemuel_crystal_altar, minmay_overflow_temple_hex,
          grunt_gozag_breadcrumbs, grunt_ogre_cave
D:9:      minmay_misc_feat_ornament, uniq_erolcha
D:10:     gammafunk_ghost_stat_death, minivault_24, minmay_misc_feat_chi,
          uniq_maurice, uniq_gastronok, uniq_erica
Temple:   jpeg_temple_alley_garden

Skill      XL: |  1  2  3  4  5  6  7  8  9 10 |
---------------+-------------------------------+-----
Crossbows      | 5 6 7 8 9 10 11 | 11.0
Fighting       | 3 4 5 6 7 8 |  8.2
Invocations    | 2 4 6 7 |  7.4
Polearms       | 3 5 |  5.9
Armour         | 2 3 |  3.1
Dodging        | 2 3 |  3.0
Stealth        | |  0.4

Action                   |  1- 3 |  4- 6 |  7- 9 | 10-12 || total
-------------------------+-------+-------+-------+-------++-------
Melee: Short sword       |    98 |       |       |       ||    98
       Kick              |    17 |    27 |    68 |    37 ||   149
       Dagger            |    10 |   126 |   215 |       ||   351
       Unarmed           |       |       |     8 |       ||     8
       Halberd           |       |       |    87 |       ||    87
       Spear             |       |       |    37 |   154 ||   191
 Fire: Hand crossbow     |     9 |    90 |   196 |    89 ||   384
  Use: Potion            |     1 |       |     2 |       ||     3
       Scroll            |       |     8 |     6 |     3 ||    17
 Stab: Sleeping          |       |       |     3 |     2 ||     5
  Eat: Chunk             |     2 |     9 |    13 |     6 ||    30
       Ration            |       |       |     2 |       ||     2
Armor: Leather armour    |    52 |    38 |   127 |    31 ||   248
Dodge: Dodged            |    51 |    42 |   138 |    50 ||   281

Table legend:
 A = Non-vault XP
 B = Vault XP
 C = Vault XP percentage of total XP
 D = Non-vault monster count
 E = Vault monster count
 F = Vault count percentage of total count
                 A         B        C        D         E       F
            +---------+---------+-------+---------+---------+-------
      Total |    8781 |     938 |   9.7 |     230 |      10 |   4.2
            +---------+---------+-------+---------+---------+-------
        D:1 |      40 |       0 |   0.0 |      16 |       0 |   0.0
        D:2 |      67 |       0 |   0.0 |      27 |       0 |   0.0
        D:3 |     103 |      36 |  25.9 |      23 |       1 |   4.2
        D:4 |     622 |       0 |   0.0 |      25 |       0 |   0.0
        D:5 |     866 |     366 |  29.7 |      23 |       5 |  17.9
        D:6 |     831 |     414 |  33.3 |      28 |       3 |   9.7
        D:7 |     438 |       0 |   0.0 |      17 |       0 |   0.0
        D:8 |    1130 |     122 |   9.7 |      29 |       1 |   3.3
        D:9 |    4517 |       0 |   0.0 |      40 |       0 |   0.0
       D:10 |     167 |       0 |   0.0 |       2 |       0 |   0.0
            +---------+---------+-------+---------+---------+-------
